TOP OF THE 1ST |
Americus Braves batting - Pitching for Joplin Blasters : RHP Chris Elliott
|
Pitching: RHP Chris Elliott
|
|
Batting: RHB Ryan Cole
|
0-0: Ball 1-0: SOLO HOME RUN (Flyball, 7D, EV 101.2 MPH), Distance : 375 ft
|
Batting: RHB Wilson Salgado
|
0-0: Bunt missed! 0-1: Ball 1-1: Ball 2-1: Called Strike 2-2: Ball 3-2: Base on Balls
|
Batting: LHB Garret Mathis
|
0-0: Called Strike 0-1: Fielders Choice at 2nd, 4-6 (Groundball, 4, EV 98.8 MPH)
|
Batting: RHB Ricardo Joya
|
0-0: Foul Ball, location: 2F 0-1: Ball 1-1: Ground out 5-3 (Groundball, 5L, EV 86.2 MPH) Garret Mathis to second
|
Batting: RHB Bill Horne
|
0-0: Called Strike 0-1: Foul Ball, location: 2F 0-2: Ball 1-2: Ball 2-2: Strikes out swinging
|
Top of the 1st over - 1 run, 1 hit, 0 errors, 1 left on base; Americus 1 - Joplin 0 |
BOTTOM OF THE 1ST |
Joplin Blasters batting - Pitching for Americus Braves : LHP Ji-chol Lee
|
Pitching: LHP Ji-chol Lee
|
|
Batting: RHB John Normand
|
0-0: Foul Ball, location: 2F 0-1: Called Strike 0-2: Ball 1-2: Ball 2-2: Strikes out swinging
|
Batting: RHB Mike McClung
|
0-0: Called Strike 0-1: Foul Ball, location: 2F 0-2: Ground out 6-3 (Groundball, 6, EV 83.8 MPH)
|
Batting: SHB Gary Woodroffe
|
0-0: Called Strike 0-1: Foul Ball, location: 2F 0-2: Ball 1-2: Ball 2-2: Fly out, F8 (Flyball, 78M, EV 82.5 MPH)
|
Bottom of the 1st over - 0 runs, 0 hits, 0 errors, 0 left on base; Americus 1 - Joplin 0 |
TOP OF THE 2ND |
Americus Braves batting - Pitching for Joplin Blasters : RHP Chris Elliott
|
Batting: RHB Josh Maxwell
|
0-0: Called Strike 0-1: Called Strike 0-2: Ball 1-2: Ground out 5-3 (Groundball, 56S, EV 79.4 MPH)
|
Batting: RHB Jose Florez
|
0-0: Fly out, F8 (Flyball, 8LD, EV 82.5 MPH)
|
Batting: RHB Juan Barela
|
0-0: Ball 1-0: Called Strike 1-1: Fly out, F5 (Line Drive, 5L, EV 63.8 MPH)
|
Top of the 2nd over - 0 runs, 0 hits, 0 errors, 0 left on base; Americus 1 - Joplin 0 |
BOTTOM OF THE 2ND |
Joplin Blasters batting - Pitching for Americus Braves : LHP Ji-chol Lee
|
Batting: RHB Cody Marshall
|
0-0: Foul Ball, location: 2F 0-1: SINGLE (Groundball, 6MD, EV 98.8 MPH)
|
Batting: RHB Tanner Holland
|
0-0: Grounds into double play, 4-6-3 (Groundball, 4, EV 88.1 MPH)
|
Batting: RHB Mike Stokes
|
0-0: Ball 1-0: Called Strike 1-1: Foul Ball, location: 2F 1-2: Ball 2-2: Ball 3-2: Foul Ball, location: 2F 3-2: Foul Ball, location: 2F 3-2: Foul Ball, location: 2F 3-2: Fly out, F8 (Flyball, 8RD, EV 80.6 MPH)
|
Bottom of the 2nd over - 0 runs, 1 hit, 0 errors, 0 left on base; Americus 1 - Joplin 0 |
TOP OF THE 3RD |
Americus Braves batting - Pitching for Joplin Blasters : RHP Chris Elliott
|
Batting: LHB Pappy Sterile
|
0-0: Foul Ball, location: 2F 0-1: Called Strike 0-2: Strikes out swinging
|
Batting: RHB Ryan Cole
|
0-0: Foul Ball, location: 2F 0-1: Ball 1-1: Ball 2-1: Ball 3-1: Foul Ball, location: 2F 3-2: SOLO HOME RUN (Flyball, 7D, EV 106.2 MPH), Distance : 407 ft
|
Batting: RHB Wilson Salgado
|
0-0: Ball 1-0: Ball 2-0: Ball 3-0: Called Strike 3-1: Base on Balls
|
Batting: LHB Garret Mathis
|
0-0: Ball 1-0: Ball Wilson Salgado is caught stealing 2nd base 2-6 2-0: Fly out, F8 (Flyball, 8RM, EV 91.2 MPH)
|
Top of the 3rd over - 1 run, 1 hit, 0 errors, 0 left on base; Americus 2 - Joplin 0 |
BOTTOM OF THE 3RD |
Joplin Blasters batting - Pitching for Americus Braves : LHP Ji-chol Lee
|
Batting: RHB Esteban Acuna
|
0-0: Ball 1-0: Fly out, F8 (Line Drive, 8RD, EV 90.6 MPH)
|
Batting: LHB Willie Marquez
|
0-0: Called Strike 0-1: Ground out 6-3 (Groundball, 6M, EV 83.1 MPH)
|
Batting: RHB Danny Jefferies
|
0-0: Ball 1-0: Ball 2-0: Foul Ball, location: 2F 2-1: Ground out 6-3 (Groundball, 56, EV 105.0 MPH)
|
Bottom of the 3rd over - 0 runs, 0 hits, 0 errors, 0 left on base; Americus 2 - Joplin 0 |
TOP OF THE 4TH |
Americus Braves batting - Pitching for Joplin Blasters : RHP Chris Elliott
|
Batting: RHB Ricardo Joya
|
0-0: Fly out, F8 (Flyball, 8LM, EV 92.5 MPH)
|
Batting: RHB Bill Horne
|
0-0: Fly out, F8 (Line Drive, 8LD, EV 110.0 MPH)
|
Batting: RHB Josh Maxwell
|
0-0: Called Strike 0-1: SINGLE (Groundball, 6MD, EV 101.2 MPH)
|
Batting: RHB Jose Florez
|
0-0: Called Strike 0-1: Ball 1-1: Ball 2-1: Fielders Choice at 2nd, U6 (Groundball, 6M, EV 81.9 MPH)
|
Top of the 4th over - 0 runs, 1 hit, 0 errors, 1 left on base; Americus 2 - Joplin 0 |
BOTTOM OF THE 4TH |
Joplin Blasters batting - Pitching for Americus Braves : LHP Ji-chol Lee
|
Batting: RHB John Normand
|
0-0: Ball 1-0: Swinging Strike 1-1: Called Strike 1-2: Foul Ball, location: 2F 1-2: Fly out, F5 (Line Drive, 5L, EV 63.1 MPH)
|
Batting: RHB Mike McClung
|
0-0: Fly out, F8 (Flyball, 8LM, EV 91.2 MPH)
|
Batting: SHB Gary Woodroffe
|
0-0: Ball 1-0: Called Strike 1-1: Ball 2-1: Ball 3-1: Base on Balls
|
Batting: RHB Cody Marshall
|
0-0: Called Strike 0-1: Ball 1-1: Ball 2-1: Ball 3-1: Swinging Strike 3-2: SINGLE (Flyball, 6D, EV 90.0 MPH) Gary Woodroffe to second Gary Woodroffe to third
|
Batting: RHB Tanner Holland
|
0-0: Called Strike 0-1: Ball 1-1: Fly out, F9 (Flyball, 9LS, EV 96.9 MPH)
|
Bottom of the 4th over - 0 runs, 1 hit, 0 errors, 2 left on base; Americus 2 - Joplin 0 |
TOP OF THE 5TH |
Americus Braves batting - Pitching for Joplin Blasters : RHP Chris Elliott
|
Batting: RHB Juan Barela
|
0-0: Ball 1-0: Called Strike 1-1: Ground out 6-3 (Groundball, 56, EV 86.2 MPH)
|
Batting: LHB Pappy Sterile
|
0-0: Called Strike 0-1: Ball 1-1: Fly out, F8 (Flyball, 8RS, EV 87.5 MPH)
|
Batting: RHB Ryan Cole
|
0-0: Ball 1-0: Called Strike 1-1: Ground out 1-3 (Groundball, 23, EV 74.4 MPH)
|
Top of the 5th over - 0 runs, 0 hits, 0 errors, 0 left on base; Americus 2 - Joplin 0 |
BOTTOM OF THE 5TH |
Joplin Blasters batting - Pitching for Americus Braves : LHP Ji-chol Lee
|
Batting: RHB Mike Stokes
|
0-0: Fly out, F9 (Flyball, 89S, EV 74.4 MPH)
|
Batting: RHB Esteban Acuna
|
0-0: Ball 1-0: Ground out 6-3 (Groundball, 6, EV 84.4 MPH)
|
Batting: LHB Willie Marquez
|
0-0: Ball 1-0: Ball 2-0: Ball 3-0: Foul Ball, location: 2F 3-1: Base on Balls
|
Batting: RHB Danny Jefferies
|
0-0: Ball 1-0: Foul Ball, location: 2F 1-1: Swinging Strike 1-2: Ball 2-2: Foul Ball, location: 2F 2-2: Strikes out swinging
|
Bottom of the 5th over - 0 runs, 0 hits, 0 errors, 1 left on base; Americus 2 - Joplin 0 |
TOP OF THE 6TH |
Americus Braves batting - Pitching for Joplin Blasters : RHP Chris Elliott
|
Batting: RHB Wilson Salgado
|
0-0: Foul Ball, location: 2F 0-1: Ball 1-1: Swinging Strike 1-2: Strikes out swinging
|
Batting: LHB Garret Mathis
|
0-0: Called Strike 0-1: Fly out, F7 (Line Drive, 7, EV 95.0 MPH)
|
Batting: RHB Ricardo Joya
|
0-0: Ball 1-0: Ball 2-0: Foul Ball, location: 2F 2-1: Ball 3-1: SINGLE (Groundball, 56D, EV 97.5 MPH)
|
Batting: RHB Bill Horne
|
0-0: Called Strike 0-1: Ball 1-1: Ball 2-1: SINGLE (Flyball, 7LS, EV 91.2 MPH) Ricardo Joya to second
|
Batting: RHB Josh Maxwell
|
0-0: Foul Ball, location: 2F 0-1: Ball 1-1: Ball 2-1: Ball 3-1: Base on Balls Ricardo Joya to third Bill Horne to second
|
Batting: RHB Jose Florez
|
0-0: Swinging Strike 0-1: Swinging Strike 0-2: SINGLE (Groundball, 56D, EV 99.4 MPH) Ricardo Joya scores Bill Horne to third Josh Maxwell to second
|
Pitching: LHP Adrian Sanchez
|
|
Batting: RHB Juan Barela
|
0-0: Ball 1-0: Called Strike 1-1: Swinging Strike 1-2: Foul Ball, location: 2F 1-2: Foul Ball, location: 2F 1-2: Strikes out swinging passed ball, reaches first! Bill Horne scores Josh Maxwell to third Jose Florez to second
|
Batting: LHB Pappy Sterile
|
0-0: Ball 1-0: Foul Ball, location: 2F 1-1: Foul Ball, location: 2F 1-2: Foul Ball, location: 2F 1-2: Strikes out swinging
|
Top of the 6th over - 2 runs, 3 hits, 0 errors, 3 left on base; Americus 4 - Joplin 0 |
BOTTOM OF THE 6TH |
Joplin Blasters batting - Pitching for Americus Braves : LHP Ji-chol Lee
|
Batting: RHB John Normand
|
0-0: Foul Ball, location: 2F 0-1: Called Strike 0-2: Ball 1-2: Ball 2-2: Foul Ball, location: 2F 2-2: Strikes out swinging
|
Batting: RHB Mike McClung
|
0-0: Called Strike 0-1: Ground out 4-3 (Groundball, 4, EV 87.5 MPH)
|
Batting: SHB Gary Woodroffe
|
0-0: Ball 1-0: Ball 2-0: Ball 3-0: Called Strike 3-1: Base on Balls
|
Batting: RHB Cody Marshall
|
0-0: Ball 1-0: SINGLE (Groundball, 5D, EV 103.1 MPH) Gary Woodroffe to second
|
Batting: RHB Tanner Holland
|
0-0: Ball 1-0: Ball 2-0: Fly out, F3 (Popup, 3F, EV 66.2 MPH)
|
Bottom of the 6th over - 0 runs, 1 hit, 0 errors, 2 left on base; Americus 4 - Joplin 0 |
TOP OF THE 7TH |
Americus Braves batting - Pitching for Joplin Blasters : LHP Adrian Sanchez
|
Batting: RHB Ryan Cole
|
0-0: Called Strike 0-1: Ball 1-1: Called Strike 1-2: Strikes out swinging
|
Batting: RHB Wilson Salgado
|
0-0: Ball 1-0: Ball 2-0: Ball 3-0: Base on Balls
|
Batting: LHB Garret Mathis
|
0-0: Ball 1-0: Ball 2-0: Called Strike 2-1: Foul Ball, location: 2F 2-2: Ball 3-2: Base on Balls Wilson Salgado to second
|
Batting: RHB Ricardo Joya
|
0-0: Called Strike 0-1: Ball 1-1: Ball Wild Pitch! Wilson Salgado to third Garret Mathis to second 2-1: Ball 3-1: 3-RUN HOME RUN (Flyball, 78XD, EV 101.9 MPH), Distance : 407 ft
|
Batting: RHB Bill Horne
|
0-0: SINGLE (Line Drive, 7S, EV 91.2 MPH)
|
Batting: RHB Josh Maxwell
|
0-0: Foul Ball, location: 2F 0-1: Called Strike 0-2: Foul Ball, location: 2F 0-2: Ball 1-2: Ball 2-2: Strikes out looking
|
Batting: RHB Jose Florez
|
0-0: Called Strike 0-1: Called Strike 0-2: Ball 1-2: Foul Ball, location: 2F 1-2: Ball 2-2: Ball 3-2: Foul Ball, location: 2F 3-2: Fly out, F8 (Flyball, 8RM, EV 82.5 MPH)
|
Top of the 7th over - 3 runs, 2 hits, 0 errors, 1 left on base; Americus 7 - Joplin 0 |
BOTTOM OF THE 7TH |
Joplin Blasters batting - Pitching for Americus Braves : LHP Ji-chol Lee
|
Batting: RHB Mike Stokes
|
0-0: Swinging Strike 0-1: Ball 1-1: Called Strike 1-2: Strikes out swinging
|
Batting: RHB Esteban Acuna
|
0-0: Swinging Strike 0-1: Swinging Strike 0-2: Ball 1-2: Ball 2-2: Ball 3-2: Ground out 6-3 (Groundball, 6, EV 83.1 MPH)
|
Batting: LHB Willie Marquez
|
0-0: Ball 1-0: Called Strike 1-1: Ball 2-1: Foul Ball, location: 2F 2-2: Fly out, F8 (Line Drive, 8LD, EV 96.9 MPH)
|
Bottom of the 7th over - 0 runs, 0 hits, 0 errors, 0 left on base; Americus 7 - Joplin 0 |
TOP OF THE 8TH |
Americus Braves batting - Pitching for Joplin Blasters : LHP Adrian Sanchez
|
Batting: RHB Juan Barela
|
0-0: Called Strike 0-1: Ball 1-1: Ball 2-1: Ball 3-1: Base on Balls
|
Pitching: LHP Edwin Longoria
|
|
Batting: LHB Pappy Sterile
|
0-0: Called Strike 0-1: Swinging Strike 0-2: Ball 1-2: Strikes out swinging
|
Batting: RHB Ryan Cole
|
0-0: Ball 1-0: Called Strike 1-1: Called Strike 1-2: Foul Ball, location: 2F 1-2: Ball 2-2: Strikes out swinging
|
Batting: RHB Wilson Salgado
|
0-0: Foul Ball, location: 2F 0-1: DOUBLE (Line Drive, 7LM, EV 111.9 MPH) Juan Barela to third Runner from 3rd tries for Home, SAFE, no throw by LF
|
Batting: LHB Garret Mathis
|
0-0: Foul Ball, location: 2F 0-1: Swinging Strike 0-2: DOUBLE (Flyball, 89D, EV 103.8 MPH) Wilson Salgado scores
|
Batting: RHB Ricardo Joya
|
0-0: Called Strike 0-1: Swinging Strike 0-2: Fly out, F9 (Flyball, 89M, EV 90.6 MPH)
|
Top of the 8th over - 2 runs, 2 hits, 0 errors, 1 left on base; Americus 9 - Joplin 0 |
BOTTOM OF THE 8TH |
Joplin Blasters batting - Pitching for Americus Braves : LHP Ji-chol Lee
|
Pinch Hitting: RHB Colin Padgett
|
0-0: Swinging Strike 0-1: Ball 1-1: Foul Ball, location: 2F 1-2: Ball 2-2: Foul Ball, location: 2F 2-2: Foul Ball, location: 2F 2-2: Strikes out swinging
|
Batting: RHB John Normand
|
0-0: Called Strike 0-1: Ball 1-1: Ground out 1-3 (Groundball, 34S, EV 69.4 MPH)
|
Batting: RHB Mike McClung
|
0-0: Swinging Strike 0-1: Ball 1-1: Swinging Strike 1-2: Strikes out looking
|
Bottom of the 8th over - 0 runs, 0 hits, 0 errors, 0 left on base; Americus 9 - Joplin 0 |
TOP OF THE 9TH |
Americus Braves batting - Pitching for Joplin Blasters : LHP Edwin Longoria
|
Now in LF: Josh Lane
|
|
Batting: RHB Bill Horne
|
0-0: Ball 1-0: Called Strike 1-1: Ball 2-1: Swinging Strike 2-2: Strikes out swinging
|
Batting: RHB Josh Maxwell
|
0-0: Ball 1-0: Called Strike 1-1: Swinging Strike 1-2: Ball 2-2: Strikes out swinging
|
Batting: RHB Jose Florez
|
0-0: Foul Ball, location: 2F 0-1: Swinging Strike 0-2: Foul Ball, location: 2F 0-2: Ball 1-2: Ball 2-2: Ball 3-2: Base on Balls
|
Pitching: LHP Tristan Irwin
|
|
Batting: RHB Juan Barela
|
0-0: Ball 1-0: Foul Ball, location: 2F 1-1: Called Strike 1-2: Ball 2-2: Strikes out looking
|
Top of the 9th over - 0 runs, 0 hits, 0 errors, 1 left on base; Americus 9 - Joplin 0 |
BOTTOM OF THE 9TH |
Joplin Blasters batting - Pitching for Americus Braves : LHP Ji-chol Lee
|
Pitching: RHP Bill Marshall
|
|
Batting: SHB Gary Woodroffe
|
0-0: Ball 1-0: Foul Ball, location: 2F 1-1: Foul Ball, location: 2F 1-2: Foul Ball, location: 2F 1-2: Foul Ball, location: 2F 1-2: Ball 2-2: Foul Ball, location: 2F 2-2: Ball 3-2: SINGLE (Line Drive, 8LS, EV 95.6 MPH)
|
Batting: RHB Cody Marshall
|
0-0: Grounds into double play, 6-4-3 (Groundball, 6M, EV 101.9 MPH)
|
Batting: RHB Tanner Holland
|
0-0: Fly out, F8 (Line Drive, 8RD, EV 85.0 MPH)
|
Bottom of the 9th over - 0 runs, 1 hit, 0 errors, 0 left on base; Americus 9 - Joplin 0 |
|